 Dungeon Crawl Stone Soup version 0.17-a0-1949-g1acca9a (webtiles) character file.

709 Ordine the Cruncher (level 7, -1/56 HPs)
             Began as a Minotaur Gladiator on Oct 2, 2015.
             Killed from afar by a white imp (5 damage)
             ... with a puff of frost
             ... summoned by Eustachio
             ... on level 5 of the Dungeon.
             The game lasted 00:18:42 (4500 turns).

Ordine the Cruncher (Minotaur Gladiator)            Turns: 4500, Time: 00:18:42

Health: -1/56      AC:  7    Str: 24    XL:     7   Next: 40%
Magic:  6/6        EV: 12    Int: 10    God:
Gold:   219        SH:  0    Dex: 13    Spells: 0 memorised, 6 levels left

rFire  . . .     SeeInvis .     a - +1 quarterstaff
rCold  . . .     Clarity  .     o - +1 ring mail {rPois}
rNeg   + . .     SustAt   .     (no shield)
rPois  +         Gourm    .     c - +0 hat
rElec  .         Spirit   .     (no cloak)
rCorr  .         Warding  .     (no gloves)
rMut   +         Stasis   .     x - +0 pair of boots (curse)
MR     .....                    n - amulet of resist mutation
Stlth  +.........               g - ring of positive energy
                                h - +5 ring of intelligence

@: mighty, not resistant to hostile enchantments, very unstealthy
A: retaliatory headbutt, horns 2
a: no special abilities


You were on level 5 of the Dungeon.
You were hungry.

You visited 1 branch of the dungeon, and saw 5 of its levels.
You also visited: Sewer.

You collected 219 gold pieces.

Inventory:

Hand weapons
 a - a +1 quarterstaff (weapon)
Missiles
 d - 3 throwing nets (quivered)
Armour
 c - a +0 hat (worn)
 o - a +1 ring mail of poison resistance (worn)
 x - a cursed +0 pair of boots (worn)
Jewellery
 g - a ring of positive energy (right hand)
 h - a +5 ring of intelligence (left hand)
 n - an amulet of resist mutation (around neck)
Magical devices
 j - a wand of fireball (14)
Scrolls
 k - 3 scrolls of enchant armour
 l - a scroll of recharging
 p - 2 scrolls of enchant weapon
 u - a scroll of immolation
 v - a scroll of magic mapping
Potions
 i - a potion of brilliance
 m - a potion of agility
 r - 2 potions of magic
Comestibles
 b - a slice of pizza
 e - 5 bread rations
 f - 4 fruits


   Skills:
 - Level 2.4 Fighting
 + Level 10.4 Staves
 - Level 2.0 Throwing
 - Level 3.2 Dodging


You had 6 spell levels left.
You didn't know any spells.

Dungeon Overview and Level Annotations

Branches:
Dungeon (5/15)
 Temple: D:4-7

Altars:
Xom

Annotations:
D:5 Eustachio


Innate Abilities, Weirdness & Mutations

You reflexively headbutt those who attack you in melee.
You have a pair of horns on your head.


Message History

The river rat's corpse disappears in a puff of smoke!
Your ring mail prevents you from hitting Eustachio.
Eustachio is almost dead.
The river rat bites you!
* * * LOW HITPOINT WARNING * * *
The river rat bites you.
* * * LOW HITPOINT WARNING * * *
Drink which item? (? for menu, Esc to quit)
You feel better.
Eustachio mumbles some strange words.
The river rat bites you.
* * * LOW HITPOINT WARNING * * *
The river rat bites you but does no damage.
Drink which item? (? for menu, Esc to quit)
You feel very mighty all of a sudden. Eustachio barely misses you.
The river rat closely misses you. The river rat barely misses you.
The white imp gestures at you. The puff of frost hits you!
You die...

. #... #....## #.#
..##...########.....####.#
.......................>#
#........####.#.......#
#........# #.##.####.#
##+#.....# #.##.#.<#.#
####.#.....####.##.#.##.#
........5.r...##.##.#.##.#
........r@....##.##.#....#
........@.....##.##.######
..............##..........
................#####.......
................# ########
................#
................#
................#
................#


You could see Eustachio, 2 river rats and a white imp.

Vanquished Creatures
  Sigmund (D:2)
  A scorpion (D:4)
  2 orc wizards (D:4)
  3 worker ants
  A hound skeleton (D:4)
  Robin (D:3)
  7 gnolls
  11 adders
  A shadow imp (D:5)
  3 oozes (D:1)
  An adder skeleton (D:4)
  4 worms
  4 giant geckos
  13 orcs
  2 ball pythons (Sewer)
  22 goblins
  15 hobgoblins
  5 jackals
  9 kobolds
  5 bats
  5 giant cockroaches
  A giant gecko skeleton (D:4)
  15 giant newts
  15 rats
147 creatures vanquished.

Notes
Turn   | Place    | Note
--------------------------------------------------------------
     0 | D:1      | Ordine the Minotaur Gladiator began the quest for the Orb.
     0 | D:1      | Reached XP level 1. HP: 18/18 MP: 0/0
    43 | D:1      | Reached skill level 4 in Staves
    65 | D:1      | Reached XP level 2. HP: 16/25 MP: 1/1
   407 | D:1      | Reached skill level 5 in Staves
   448 | D:1      | Reached XP level 3. HP: 30/30 MP: 2/2
  1336 | D:2      | Noticed Sigmund
  1354 | D:2      | Killed Sigmund
  1354 | D:2      | Reached skill level 7 in Staves
  1354 | D:2      | Reached XP level 4. HP: 23/37 MP: 3/3
  1354 | D:2      | Reached XP level 5. HP: 26/42 MP: 4/4
  1770 | D:2      | Reached skill level 8 in Staves
  2072 | D:2      | Reached XP level 6. HP: 45/50 MP: 5/5
  2262 | D:2      | Found a shimmering altar of Xom.
  2918 | D:3      | Noticed Robin
  2941 | D:3      | Killed Robin
  2973 | D:3      | Found a glowing drain.
  2989 | Sewer    | Entered a sewer
  3092 | Sewer    | Reached skill level 9 in Staves
  3601 | D:4      | Reached XP level 7. HP: 48/56 MP: 6/6
  3861 | D:4      | Reached skill level 10 in Staves
  4180 | D:5      | Entered Level 5 of the Dungeon
  4218 | D:5      | Noticed Eustachio
  4498 | D:5      | HP: 2/56 [river rat[Eustachio] (2)]
  4500 | D:5      | Killed from afar by a white imp

Vault maps used:
D:1:      erik_arrival_gehennom, serial_forest, infiniplex_forest_lined_corner,
          infiniplex_forest_straight_3, infiniplex_forest_end_3,
          infiniplex_forest_clump_curved
D:2:      tgw_xom, uniq_sigmund
D:3:      portal_sewer_entry_d, uniq_robin
D:4:      corexii_shack_village, first_bread
D:5:      basic_altar, uniq_eustachio
Sewer:    sewer_co_cracked_pipes

Action                   |  1- 3 |  4- 6 |  7- 9 || total
-------------------------+-------+-------+-------++-------
Melee: Quarterstaff      |    73 |   178 |    91 ||   342
       Unarmed           |       |       |    11 ||    11
  Use: Scroll            |     6 |    10 |     2 ||    18
       Potion            |       |     1 |     4 ||     5
  Eat: Chunk             |     1 |     7 |     3 ||    11
